AoeStats
← THL

Arabia

506626060Analyzed
1v1 RM · 18d ago on Sep 14, 2026· 48m 2s· 2 players
Game mode
Random Map
Map size
Tiny (2 player)
Population
200
Speed
Normal
Resources
Standard
Victory
Conquest
Starting age
Dark Age
Ending age
Imperial Age
RankedLock teamsTeams togetherTeam positionsShared explorationLock speedFull tech treeHidden civsTurbo modeCheats
Victory
Defeat
🇫🇷 Goths · France
1855
+12
🇻🇳 Tatars · Vietnam
1773
-12
THL
7:08 Loom
9:26 Feudal Age
10:25 Double-Bit Axe
14:29 Fletching
15:30 Padded Archer Armor
25:37 Castle Age
25:44 Crossbowman
26:20 Bodkin Arrow
26:36 Bow Saw
29:06 Bloodlines
30:16 Husbandry
30:57 Scale Barding Armor
33:58 Forging
39:36 Light Cavalry
AOKI_GworK
2:32 Loom
9:20 Feudal Age
9:22 Man-at-Arms
10:03 Double-Bit Axe
14:25 Fletching
15:24 Scale Mail Armor
16:16 Padded Archer Armor
18:52 Forging
25:40 Castle Age
23:24 Horse Collar
25:13 Gold Mining
26:33 Bow Saw
27:03 Wheelbarrow
26:16 Town Watch
26:39 Squires
26:00 Pikeman
27:31 Heavy Plow
32:44 Chain Mail Armor
33:59 Bodkin Arrow
34:40 Iron Casting
34:43 Iron Casting
39:35 Anarchy
44:43 Stone Mining
47:51 Imperial Age
46:16 Hand Cart
Connection lost

Rejoining the realm…

Still unreachable

The connection could not be restored.

Session expired

The server has moved on; the page needs a fresh start.